 Dungeon Crawl Stone Soup version 0.32-a0-660-g97ce250973 (webtiles) character file.

Game seed: 10463744308807581358

1351769 NormalPerson7 the Acrobat (level 27, 220/220 HPs)
             Began as a Gnoll Hexslinger on Mar 8, 2024.
             Was the Champion of Elyvilon.
             Escaped with the Orb
             ... and 3 runes!
             The game lasted 06:39:00 (115332 turns).

NormalPerson7 the Acrobat (Gnoll Hexslinger)      Turns: 115332, Time: 06:39:01

Health: 220/220    AC: 34    Str: 17    XL:     27
Magic:  38/45      EV: 34    Int: 30    God:    Elyvilon [******]
Gold:   2159       SH: 29    Dex: 24    Spells: 4/63 levels left

rFire   + . .        a - +9 double sword (elec)
rCold   + . .        k - +5 tower shield {rC+}
rNeg    + . .        U - +8 faerie dragon scales {rCorr Dex+4}
rPois   +            B - +1 helmet of the Valley {^Drain Int+6 Dex+2}
rElec   .            g - +2 cloak of Lugonu {rF+ Str+3 Slay+3}
rCorr   +            e - +3 pair of gloves "Yrafeguu" {rN+ Str+5}
SInv    .            R - +2 pair of boots
Will    ++++.        n - amulet of faith
Stlth   ++           E - ring "Zeqagh" {rPois Will+ EV+5}
HPRegen 0.56/turn    W - ring of willpower
MPRegen 0.29/turn

%: clarity, faith
@: glowing, studying 2 skills
A: fangs 1, strong nose, distributed training, thin skeletal structure 1,
clarity, inability to read after injury 1, devolution 1
0: Orb of Zot
}: 3/15 runes: serpentine, barnacled, slimy
a: Renounce Religion, Purification, Heal Other, Heal Self, Divine Vigour


You escaped.
You worshipped Elyvilon.
Elyvilon was exalted by your worship.
You visited 10 branches of the dungeon, and saw 51 of its levels.
You visited 1 bazaar.
You also visited: Sewer.

You collected 8922 gold pieces.
You spent 6763 gold pieces at shops.

Inventory:

Hand Weapons
 a - a +9 double sword of electrocution (weapon)
 b - the +5 scimitar of Distant Worlds {venom, rF+ rC++ Int+2}
   (You bought it in a shop on level 2 of the Orcish Mines)

   Int+2:     It affects your intelligence (+2).
   rF+:       It protects you from fire.
   rC++:      It greatly protects you from cold.
Missiles
 r - 5 silver javelins
 D - 58 boomerangs
 V - 9 throwing nets (quivered) {!f}
 Z - 22 javelins
Armour
 e - the +3 pair of gloves "Yrafeguu" (worn) {rN+ Str+5}
   (You acquired it on level 1 of the Shoals)

   Str+5:     It affects your strength (+5).
   rN+:       It protects you from negative energy.
 g - the +2 cloak of Lugonu (worn) {rF+ Str+3 Slay+3}
   (You found it on level 4 of the Shoals)

   Str+3:     It affects your strength (+3).
   Slay+3:    It affects your accuracy & damage with ranged weapons and melee
   (+3).
   rF+:       It protects you from fire.
 k - a +5 tower shield of cold resistance (worn)
 B - the +1 helmet of the Valley (worn) {^Drain Int+6 Dex+2}
   (You found it on level 1 of the Vaults)

   Int+6:     It affects your intelligence (+6).
   Dex+2:     It affects your dexterity (+2).
   ^Drain:    It drains your maximum health when unequipped.
 R - a +2 pair of boots (worn)
 U - the +8 faerie dragon scales (worn) {rCorr Dex+4}
   (You took it off the Enchantress on level 3 of the Depths)

   Dex+4:     It affects your dexterity (+4).
   rCorr:     It protects you from acid and corrosion.
Jewellery
 n - an amulet of faith (around neck)
 E - the ring "Zeqagh" (left hand) {rPois Will+ EV+5}
   (You bought it in a shop on level 4 of the Snake Pit)

   [ring of evasion]

   EV+5:      It affects your evasion (+5).
   rPois:     It protects you from poison.
   Will+:     It increases your willpower.
 W - a ring of willpower (right hand)
 X - a ring of fire
Wands
 d - a wand of polymorph (18)
 j - a wand of iceblast (72)
 s - a wand of paralysis (47)
 A - a wand of digging (12)
 P - a wand of mindburst (33)
 Y - a wand of acid (12)
Scrolls
 i - 3 scrolls of silence
 o - 3 scrolls of amnesia
 p - 6 scrolls of immolation
 t - 12 scrolls of teleportation
 x - 2 scrolls of blinking
 C - 5 scrolls of fear
 G - 7 scrolls of fog
 H - a scroll of summoning {!r}
 K - 7 scrolls of vulnerability
 N - 10 scrolls of poison
 S - a scroll of revelation
Potions
 c - 13 potions of curing
 f - 9 potions of haste
 h - 12 potions of heal wounds
 l - 4 potions of cancellation
 m - 2 potions of magic
 q - 8 potions of resistance
 v - 9 potions of might
 w - 9 potions of lignification
 z - 16 potions of mutation
 F - 5 potions of ambrosia
 I - 12 potions of enlightenment
 J - 7 potions of attraction
 L - 3 potions of brilliance
 O - 4 potions of berserk rage
 Q - a potion of invisibility
Miscellaneous
 u - a sack of spiders
 y - a tin of tremorstones (2/2)
 M - a phantom mirror (inert)
 T - a lightning rod (4/4)


   Skills:
 + Level 18.9 Fighting
 + Level 18.7 Short Blades
 + Level 18.7 Long Blades
 + Level 18.7 Axes
 + Level 18.7 Maces & Flails
 + Level 18.7 Polearms
 + Level 18.7 Staves
 + Level 19.2 Ranged Weapons
 + Level 18.7 Throwing
 + Level 18.7 Armour
 + Level 21.1 Dodging
 + Level 18.7 Stealth
 + Level 20.3 Shields
 + Level 18.7 Unarmed Combat
 + Level 18.9 Spellcasting
 + Level 15.9 Conjurations
 + Level 16.8 Hexes
 + Level 15.9 Summonings
 + Level 15.9 Necromancy
 + Level 15.9 Translocations
 + Level 16.1 Fire Magic
 + Level 15.9 Ice Magic
 + Level 15.9 Air Magic
 + Level 15.9 Earth Magic
 + Level 15.9 Alchemy
 + Level 20.2 Invocations
 + Level 18.7 Evocations
 + Level 17.3 Shapeshifting


You had 4 spell levels left.
You knew the following spells:

 Your Spells              Type           Power      Damage    Failure   Level
a - Starburst             Conj/Fire      45%        6d13      1%          6
b - Plasma Beam           Fire/Air       45%        2x1d59    1%          6
c - Freezing Cloud        Conj/Ice/Air   45%        6-21      1%          5
f - Cause Fear            Hex            46%        N/A       1%          4
g - Summon Cactus Giant   Summ           45%        N/A       1%          6
r - Irradiate             Conj/Alch      45%        3d26      1%          5
s - Airstrike             Air            45%        2d(7-23)  1%          4
t - Summon Forest         Summ/Tloc      45%        N/A       1%          5
v - Summon Mana Viper     Hex/Summ       91%        N/A       1%          5
x - Bombard               Conj/Erth      45%        9d8       1%          6
z - Orb of Destruction    Conj           45%        9d12      3%          7

Your spell library contained the following spells:

 Spells                   Type           Power      Damage    Failure   Level
 Apportation              Tloc           100%       N/A       0%          1
 Foxfire                  Conj/Fire      100%       2x1d9     0%          1
 Freeze                   Ice            100%       1d10      0%          1
 Magic Dart               Conj           100%       1d8       0%          1
 Necrotise                Necr           100%       1d9       0%          1
 Shock                    Conj/Air       100%       1d9       0%          1
 Sting                    Conj/Alch      100%       1d9       0%          1
 Summon Small Mammal      Summ           100%       N/A       0%          1
 Cigotuvi's Dreadful Rot  Necr/Alch/Air  100%       N/A       0%          2
 Ensorcelled Hibernation  Hex/Ice        100%       N/A       0%          2
 Jinxbite                 Hex            100%       N/A       0%          2
 Scorch                   Fire           100%       2d9       0%          2
 Searing Ray              Conj           100%       2d8       0%          2
 Sublimation of Blood     Necr           90%        N/A       0%          2
 Call Canine Familiar     Summ           90%        N/A       0%          3
 Dazzling Flash           Conj/Hex       100%       N/A       0%          3
 Frozen Ramparts          Ice            100%       1d16      0%          3
 Fugue of the Fallen      Necr           90%        N/A       0%          3
 Gell's Gravitas          Tloc           90%        N/A       0%          3
 Hailstorm                Conj/Ice       90%        3d15      0%          3
 Inner Flame              Hex/Fire       91%        N/A       0%          3
 Ozocubu's Armour         Ice            90%        N/A       0%          3
 Passwall                 Erth           90%        N/A       0%          3
 Sigil of Binding         Hex            92%        N/A       0%          3
 Summon Ice Beast         Ice/Summ       90%        N/A       0%          3
 Swiftness                Air            90%        N/A       0%          3
 Teleport Other           Tloc           90%        N/A       0%          3
 Tukima's Dance           Hex            92%        N/A       0%          3
 Volatile Blastmotes      Fire/Tloc      100%       2d18      0%          3
 Anguish                  Hex/Necr       45%        N/A       1%          4
 Animate Armour           Summ/Erth      100%       N/A       1%          4
 Dimensional Bullseye     Hex/Tloc       45%        N/A       1%          4
 Dispel Undead            Necr           90%        3d29      1%          4
 Flame Wave               Conj/Fire      90%        2d19      1%          4
 Fulminant Prism          Conj/Alch      45%        3d21      1%          4
 Ignite Poison            Fire/Alch      90%        N/A       1%          4
 Iskenderun's Mystic Bla  Conj/Tloc      90%        2d18      1%          4
 Leda's Liquefaction      Alch/Erth      45%        N/A       1%          4
 Manifold Assault         Tloc           90%        N/A       1%          4
 Olgreb's Toxic Radiance  Alch           90%        N/A       1%          4
 Petrify                  Alch/Erth      90%        N/A       1%          4
 Sticky Flame             Fire/Alch      90%        2d14      1%          4
 Summon Blazeheart Golem  Fire/Summ      90%        N/A       1%          4
 Summon Lightning Spire   Summ/Air       90%        N/A       1%          4
 Vhi's Electric Charge    Tloc/Air       100%       N/A       1%          4
 Alistair's Intoxication  Alch           60%        N/A       1%          5
 Arcjolt                  Conj/Air       45%        1d55      1%          5
 Fireball                 Conj/Fire      45%        3d18      1%          5
 Iskenderun's Battlesphe  Conj           90%        2d14      1%          5
 Lee's Rapid Deconstruct  Erth           45%        3d22*     1%          5
 Metabolic Englaciation   Hex/Ice        45%        N/A       1%          5
 Silence                  Hex/Air        45%        N/A       1%          5
 Yara's Violent Unravell  Hex/Alch       45%        3d18      1%          5
 Conjure Ball Lightning   Conj/Air       45%        3x3d16    1%          6
 Death Channel            Necr           45%        N/A       1%          6
 Dispersal                Tloc           45%        N/A       1%          6
 Eringya's Noxious Bog    Alch           45%        4d6       1%          6
 Sculpt Simulacrum        Ice/Alch       45%        N/A       1%          6
 Enfeeble                 Hex            46%        N/A       2%          7
 Ozocubu's Refrigeration  Ice            45%        4d17      3%          7
 Spellforged Servitor     Conj/Summ      45%        N/A       3%          7
 Summon Hydra             Summ           45%        N/A       3%          7
 Discord                  Hex            46%        N/A       22%         8
 Ignition                 Fire           45%        3d13      28%         8
 Maxwell's Capacitive Co  Air            45%        ∞         30%         8
 Chain Lightning          Conj/Air       45%        3d60      99%         9
 Dragon's Call            Summ           45%        N/A       99%         9


Dungeon Overview and Level Annotations

Branches:
Dungeon (15/15)            Temple (0/1) D:6            Lair (5/5) D:10
 Shoals (4/4) Lair:3        Snake (4/4) Lair:3        Slime (5/5) Lair:5
    Orc (2/2) D:12            Elf (3/3) Orc:2        Vaults (4/5) D:13
  Crypt (0/3) Vaults:2     Depths (4/4) D:15            Zot (5/5) Depths:4
  Sewer (visited)

Altars:
Ashenzari
Elyvilon
Fedhas
Gozag
Hepliaklqana
Kikubaaqudgha
Makhleb
Ru
Sif Muna
Uskayaw
Yredelemnul
Beogh
Jiyva
Lugonu

Shops:
Orc:2 (*(*   Elf:1 [   Elf:3 (   Shoals:1 *   Snake:4 [:=([*   Depths:1 *

Portals:
Hell: Depths:1 Depths:2 Depths:3 Depths:4
Abyss: Depths:3 Depths:4
Pandemonium: Depths:2 Depths:3 Depths:4
Ziggurat: Depths:4

Annotations:
D:9 1 runed translucent door, exclusion: door, Pascal76's ghost, novice MiFi
D:14 4 transporters
Snake:2 exclusion: upstairs
Snake:3 3 runed translucent doors, Vorhees's ghost, adept CoAr; mojasp's ghost, adept CoBe
Elf:2 5 runed translucent doors, exclusion: 5 doors


Innate Abilities, Weirdness & Mutations

You have very sharp teeth.
Your uncanny sense of smell can sniff out nearby items.
Your experience applies equally to all skills.
You have a somewhat thin skeletal structure. (Dex +2, Stealth+)
You possess an exceptional clarity of mind.
You occasionally lose the ability to read scrolls when taking damage.
You have hidden genetic defects.


Message History

Casting: Plasma Beam (mildly dangerous; 1% risk of failure)
Confirm with . or Enter, or press ? or * to list all spells.
Casting: Plasma Beam (mildly dangerous; 1% risk of failure)
Press: ? - help, Dir - look around, f - activate The bolt of lightning hits the tormentor!!!
You kill the tormentor!
(D) Dungeon (T) Temple (L) Lair (A) Shoals (P) Snake Pit (M) Slime Pits (O) Orcish Mines (E) Elven Halls (V) Vaults (C) Crypt (U) Depths (H) Hell (Z) Zot
Where to? (Tab/Enter - D:1 @ (x,y), ? - help)
A giant cockroach is nearby!
You block the giant cockroach's attack. x2
You hit the giant cockroach.
The giant cockroach is heavily wounded.
You block the giant cockroach's attack.
A seraph, an angel and 2 cherubim come into view.
The seraph is wielding a +7 great sword of flaming.
The angel is wielding a +3 whip of holy wrath.
A cherub is wielding a +1 falchion of flaming.
A cherub is wielding a +2 falchion of flaming.
You slash the giant cockroach!
You kill the giant cockroach!
The seraph gestures.
The seraph begins to accept its allies' injuries.
The cherub sings a powerful hymn!
The angels go into a battle-frenzy!
The cherub sings a powerful hymn!
The cherub goes into a battle-frenzy!
Blink to where?
Press: ? - help, Dir - move target
As you read the scroll of blinking, it crumbles to dust.
The seraph shouts a warning to its allies!
The seraph shouts a warning to its allies!
The angel attacks as it pursues you! You block the angel's attack. x2
The seraph gestures.
The cherub sings a powerful hymn!
The angel goes into a battle-frenzy!
You block the angel's attack. x2
The seraph gestures.
The seraph begins to accept its allies' injuries.
There is a staircase leading out of the dungeon here.
You block the angel's attack. x2
You have escaped!

#.#..................##
######.#.###############...#
.........#.............#.#.######
########.#.............#.........
#.#.............#.##......
#÷#######'#######..#......
###÷#.............#.........
#...'⌠....###....⌠'.........
#.#.#...A.A@......#..#####..
##...#..⌠A..>...⌠..#..####..#
##....###'#######+###.....#.##
#......AA.................#.#
#.......##.###....#..#....#.#
#.......##...[.####.##).....#
##.....#####..####....#....##
##........##..###..........##
#.......#...................#


You could see a seraph (strong), a daeva (summoned, strong, sheltered), 2 angels
and a cherub (strong, sheltered).

Vanquished Creatures
  Dissolution (Slime:4)
  the Royal Jelly (Slime:5)
  5 dread liches (Zot:5)
  2 orbs of fire (Zot:5)
  4 ancient liches
  A juggernaut (Depths:3)
  Xtahua (Vaults:3)
  Vv (Depths:3)
  4 Killer Klowns (Zot:5)
  Margery (Vaults:4)
  A curse toe (Zot:5)
  A profane servitor (D:2)
  8 golden dragons
  Jory (Vaults:2)
  the Enchantress (Depths:3)
  2 electric golems (Zot:5)
  19 tentacled monstrosities
  Asterion (Depths:2)
  5 liches
  A deep elf blademaster (Elf:3)
  2 walking frostbound tomes
  26 Orb Guardians
  21 acid blobs
  6 quicksilver dragons
  A deep elf master archer (Elf:3)
  3 sphinxes
  An Executioner (Zot:5)
  3 death cobs
  3 shadow dragons
  10 storm dragons
  3 tengu reavers
  10 rockslimes
  Aizul (Snake:2)
  5 protean progenitors
  3 deep elf sorcerers
  An iron dragon (Depths:3)
  13 azure jellies
  A nagaraja (Snake:4)
  An alligator snapping turtle (shapeshifter) (Depths:2)
  5 draconian monks
  7 draconian knights
  4 fire giants
  5 draconian shifters
  3 ghost moths
  5 frost giants
  3 vault wardens
  2 draconian scorchers
  4 orc warlords
  An angel (Depths:4)
  A balrug (Depths:1)
  2 draconian stormcallers
  14 ironbound preservers
  4 draconian annihilators
  6 quicksilver oozes
  3 spriggan defenders (Depths:3)
  4 ironbound thunderhulks
  8 green draconians
  9 formless jellyfish
  19 stone giants
  3 deep elf demonologists (Elf:3)
  2 grey draconians (Depths:4)
  17 very ugly things
  4 war gargoyles
  13 red draconians
  8 purple draconians
  2 deep elf death magi
  8 white draconians
  7 black draconians
  22 yellow draconians
  3 deep elf annihilators
  Azrael (D:13)
  3 spark wasps (Depths:3)
  10 dire elephants
  3 merfolk impalers
  6 merfolk javelineers
  6 ettins
  A blizzard demon (Depths:2)
  3 fire dragons (Depths:3)
  Fannar (D:12)
  2 salamander tyrants (Snake:4)
  5 yaktaur captains
  An entropy weaver (Vaults:3)
  3 deep elf high priests
  4 vault guards (Vaults:3)
  6 great orbs of eyes
  4 rakshasas
  7 hydras
  6 ironbound frosthearts
  Erica (D:11)
  7 centaur warriors
  8 spriggan air magi
  7 ice dragons
  10 anacondas
  A catoblepas (Lair:5)
  3 merfolk aquamancers
  4 merfolk avatars
  19 dancing weapons
  3 deep troll shamans (D:15)
  4 two-headed ogres
  A satyr (Shoals:3)
  2 boulder beetles
  7 tengu warriors
  4 deep troll earth magi
  4 vampire magi
  A hell hog (Lair:5)
  8 orc high priests
  4 spriggan berserkers
  2 shock serpents
  7 naga warriors
  6 hell knights
  2 occultists
  7 naga sharpshooters
  2 deep elf knights
  2 skysharks
  6 iron trolls
  11 sea snakes
  4 skeletal warriors
  2 salamander mystics (Snake:4)
  3 swamp dragons (Depths:4)
  14 mana vipers
  2 flayed ghosts
  2 glowing orange brains
  7 arcanists
  7 ironbound convokers
  5 obsidian statues
  2 orange crystal statues
  5 naga ritualists
  7 deep elf archers
  43 deep trolls
  15 necromancers
  21 lindwurms
  5 harpies
  14 deep elf zephyrmancers
  5 orc knights
  13 thermic dynamos
  An orb spider (shapeshifter) (Depths:2)
  17 deep elf pyromancers
  3 oklob plants (Zot:2)
  7 orc sorcerers
  14 ugly things
  15 manticores
  A faun (shapeshifter) (Depths:2)
  2 manticores (shapeshifter) (Depths:2)
  7 fauns
  10 shining eyes
  7 cyclopes
  An elephant (shapeshifter) (Depths:2)
  A meliai (D:13)
  A fire giant skeleton (Vaults:3)
  27 moths of wrath
  3 merfolk sirens
  17 salamanders
  13 nameless horrors
  7 elephants
  An ice statue (D:12)
  9 vault sentinels
  2 water nymphs
  5 kobold blastminers (Orc:2)
  3 eyes of devastation (Slime:5)
  12 cane toads
  10 naga magi
  26 black mambas
  A molten gargoyle (Depths:2)
  2 smoke demons (Depths:1)
  3 large abominations (Depths:4)
  5 guardian serpents
  A kobold demonologist (D:10)
  An unseen horror (Depths:4)
  7 yaktaurs
  12 komodo dragons
  2 tengu conjurers (Depths:3)
  3 rime drakes
  2 tormentors
  4 trolls
  6 ice devils
  11 polar bears
  2 hornets
  9 wind drakes
  A tarantella (Vaults:3)
  15 blink frogs
  13 merfolk
  4 glass eyes
  6 raiju
  14 dream sheep
  A snapping turtle (shapeshifter) (Depths:2)
  6 snapping turtles
  73 slime creatures
  Sigmund (D:6)
  A glass eye (shapeshifter) (Depths:2)
  6 air elementals
  A jumping spider (Vaults:1)
  2 shadows
  9 wyverns
  A centaur simulacrum (D:14)
  3 spriggans
  A spriggan (shapeshifter) (Depths:2)
  30 yaks
  A hog (shapeshifter) (Depths:2)
  4 golden eyes
  2 wraiths (D:12)
  4 basilisks
  6 wargs
  13 water elementals
  12 humans
  2 redbacks (Vaults:3)
  8 fire elementals
  3 chaos spawn (Depths:4)
  3 steam dragons (D:8)
  3 swamp worms (shapeshifter)
  25 nagas
  A human zombie (Vaults:3)
  14 water moccasins
  2 acid dragons (D:12)
  45 orc warriors
  15 hell hounds
  Pargi (Sewer)
  2 ice beasts (D:10)
  12 black bears
  2 laughing skulls (D:15)
  8 small abominations (Depths:4)
  14 ogres
  5 boggarts (Vaults:2)
  10 centaurs
  16 wolves
  3 kobold brigands
  A brain worm (Sewer)
  10 bullfrogs
  9 earth elementals
  4 gnoll sergeants
  2 scorpions (D:5)
  8 wights
  5 killer bees (D:10)
  2 howler monkeys
  An electric eel (D:13)
  A bombardier beetle (D:5)
  2 lava snakes (Lair:3)
  A quasit (D:4)
  32 orc priests
  3 hounds
  16 jellies
  3 iguanas
  20 orc wizards
  A hell rat (Lair:5)
  24 gnolls
  17 adders
  3 river rats (D:5)
  A shadow imp (D:7)
  5 white imps
  3 ufetubi
  A dart slug (D:4)
  2 ribbon worms
  99 orcs
  4 ball pythons
  9 bats
  A bat skeleton (D:2)
  A bat zombie (D:2)
  13 endoplasms
  5 giant cockroaches
  6 goblins
  4 hobgoblins
  6 jackals (D:1)
  3 quokkas
  A ball python skeleton (D:2)
  A frilled lizard (D:1)
  17 kobolds
  9 rats
  2 aspiring fleshes (Zot:5)
  4 snaplasher vines
1843 creatures vanquished.

Vanquished Creatures (collateral kills)
  A seraph (Depths:4)
  Tiamat (Zot:4)
  An electric golem (Depths:4)
  A hellephant (Vaults:4)
  A tentacled monstrosity (Zot:1)
  Rupert (Lair:5)
  A deep elf master archer (Elf:3)
  A titan (D:15)
  Gastronok (Lair:3)
  A nagaraja (Snake:4)
  2 tengu reavers
  A storm dragon (Depths:3)
  4 draconian knights
  2 fire giants
  8 deep elf sorcerers
  Louise (Snake:2)
  A protean progenitor (Zot:3)
  A deep elf elementalist (Elf:3)
  A stone giant (Depths:1)
  2 very ugly things (Depths:3)
  An ironbound thunderhulk (Vaults:4)
  4 deep elf annihilators (Elf:3)
  2 deep elf death magi (Elf:3)
  A purple draconian (Zot:4)
  3 white draconians
  A yellow draconian (Zot:1)
  A red draconian (Zot:1)
  7 merfolk impalers
  A deep elf high priest (Elf:3)
  A spriggan air mage (Depths:3)
  An ironbound frostheart (Vaults:1)
  A merfolk avatar (Shoals:4)
  2 merfolk aquamancers (Shoals:4)
  3 catoblepae (Lair:5)
  An ice dragon (Depths:3)
  A dancing weapon (Elf:2)
  7 anacondas
  2 deep troll shamans
  3 death yaks (Lair:5)
  A tengu warrior (Depths:3)
  A deep troll earth mage (Depths:3)
  An orc high priest (Elf:1)
  2 shock serpents (Snake:4)
  4 naga sharpshooters
  4 deep elf knights
  10 naga warriors
  6 sea snakes
  3 salamander mystics (Snake:4)
  A glowing orange brain (Depths:2)
  2 deep trolls
  3 mana vipers (Snake:1)
  5 lindwurms
  3 naga ritualists
  4 deep elf zephyrmancers
  A tengu zombie (Vaults:3)
  7 deep elf archers
  6 deep elf pyromancers
  A necromancer (Vaults:3)
  An orc sorcerer (Orc:1)
  10 harpies
  2 orc knights
  7 manticores
  A faun (Shoals:3)
  A cyclops (Shoals:4)
  An ugly thing (D:15)
  7 salamanders
  4 merfolk sirens
  13 black mambas
  2 kobold blastminers (Orc:2)
  10 naga magi
  A water nymph (Shoals:4)
  5 guardian serpents
  A torpor snail (Lair:5)
  A yaktaur (Vaults:3)
  A nameless horror (Lair:5)
  2 rime drakes (Lair:5)
  A human zombie (Vaults:3)
  10 merfolk
  A polar bear (shapeshifter) (Elf:1)
  A wind drake (Shoals:3)
  An ettin zombie (Vaults:3)
  5 snapping turtles
  2 dream sheep (Lair:5)
  7 slime creatures
  5 water elementals
  A warg (Orc:2)
  A golden eye (shapeshifter) (Depths:2)
  15 nagas
  3 hell hounds (Lair:5)
  2 orc warriors (Orc:2)
  An earth elemental (Elf:2)
  2 jellies (Zot:2)
  An orc priest (Orc:2)
  3 orcs (Orc:2)
  A spectral weapon (Depths:2)
274 creatures vanquished.

Vanquished Creatures (others)
  2 fire giants
  2 draconian knights
  A war gargoyle (Depths:2)
  An ice dragon (Depths:3)
  A two-headed ogre (Orc:2)
  A sea snake (Shoals:1)
  A deep elf pyromancer (Elf:2)
  A deep elf zephyrmancer (Elf:3)
  2 meliai (D:13)
  A raiju (Depths:2)
  2 air elementals (Depths:2)
  A centaur (D:13)
  A jelly (Zot:2)
  An orc priest (D:8)
  An orc (D:8)
  23 snaplasher vines
42 creatures vanquished.

Grand Total: 2159 creatures vanquished

Notes
Turn   | Place    | Note
-------+----------+-------------------------------------------
     0 | D:1      | NormalPerson7 the Gnoll Hexslinger began the quest for the
                  | Orb.
     0 | D:1      | Reached XP level 1. HP: 17/17 MP: 4/4
     2 | D:1      | Found a runed translucent door.
   386 | D:1      | Reached XP level 2. HP: 23/23 MP: 5/5
   487 | D:1      | Learned a level 2 spell: Jinxbite
   582 | D:1      | Reached XP level 3. HP: 28/28 MP: 7/7
   853 | D:2      | Found a white marble altar of Elyvilon.
   858 | D:2      | Became a worshipper of Elyvilon the Healer
  1054 | D:2      | Reached skill level 1 in Invocations
  1177 | D:2      | Reached skill level 1 in Short Blades
  1177 | D:2      | Reached skill level 1 in Long Blades
  1177 | D:2      | Reached skill level 1 in Axes
  1177 | D:2      | Reached skill level 1 in Maces & Flails
  1177 | D:2      | Reached skill level 1 in Polearms
  1177 | D:2      | Reached skill level 1 in Staves
  1177 | D:2      | Reached skill level 1 in Throwing
  1177 | D:2      | Reached skill level 1 in Armour
  1177 | D:2      | Reached skill level 1 in Stealth
  1177 | D:2      | Reached skill level 1 in Shields
  1177 | D:2      | Reached skill level 1 in Unarmed Combat
  1177 | D:2      | Reached skill level 1 in Evocations
  1202 | D:2      | Learned a level 3 spell: Sigil of Binding
  1296 | D:2      | Reached skill level 1 in Shapeshifting
  1296 | D:2      | Reached XP level 4. HP: 34/34 MP: 5/8
  1392 | D:2      | Reached skill level 1 in Conjurations
  1392 | D:2      | Reached skill level 1 in Summonings
  1392 | D:2      | Reached skill level 1 in Necromancy
  1392 | D:2      | Reached skill level 1 in Translocations
  1392 | D:2      | Reached skill level 1 in Ice Magic
  1392 | D:2      | Reached skill level 1 in Air Magic
  1392 | D:2      | Reached skill level 1 in Earth Magic
  1392 | D:2      | Reached skill level 1 in Alchemy
  1504 | D:2      | Reached XP level 5. HP: 40/40 MP: 6/9
  1678 | D:2      | Learned a level 4 spell: Cause Fear
  1782 | D:2      | Reached * piety under Elyvilon
  2680 | D:3      | Reached XP level 6. HP: 47/47 MP: 11/11
  3286 | D:4      | Reached skill level 5 in Ranged Weapons
  3286 | D:4      | Reached skill level 5 in Dodging
  3659 | D:4      | Learned a level 3 spell: Inner Flame
  4350 | D:5      | Entered Level 5 of the Dungeon
  4377 | D:5      | Reached ** piety under Elyvilon
  4413 | D:5      | Reached XP level 7. HP: 51/52 MP: 4/12
  4745 | D:5      | Found a glowing drain.
  4782 | Sewer    | Entered a sewer
  4856 | Sewer    | Noticed Pargi
  4873 | Sewer    | Killed Pargi
  5260 | D:5      | Found a shimmering blue altar of Sif Muna.
  5308 | D:5      | Reached XP level 8. HP: 60/60 MP: 14/14
  5352 | D:5      | Found a white marble altar of Elyvilon.
  6390 | D:6      | Found a staircase to the Ecumenical Temple.
  6391 | D:6      | Reached *** piety under Elyvilon
  6634 | D:6      | Identified the orb of Cexam {light, rPois SInv}
  6763 | D:6      | Noticed Sigmund
  6779 | D:6      | Killed Sigmund
  6780 | D:6      | Reached skill level 6 in Dodging
  6786 | D:6      | Reached XP level 9. HP: 53/66 MP: 16/16
  7045 | D:6      | Reached skill level 5 in Spellcasting
  7491 | D:7      | Reached skill level 5 in Fighting
  7598 | D:7      | Found a hide-covered altar of Uskayaw.
  7673 | D:7      | Found a sacrificial altar of Ru.
  8484 | D:8      | Reached skill level 5 in Invocations
  9106 | D:8      | Reached skill level 5 in Short Blades
  9106 | D:8      | Reached skill level 5 in Long Blades
  9106 | D:8      | Reached skill level 5 in Axes
  9106 | D:8      | Reached skill level 5 in Maces & Flails
  9106 | D:8      | Reached skill level 5 in Polearms
  9106 | D:8      | Reached skill level 5 in Staves
  9106 | D:8      | Reached skill level 5 in Throwing
  9106 | D:8      | Reached skill level 5 in Armour
  9106 | D:8      | Reached skill level 5 in Stealth
  9106 | D:8      | Reached skill level 5 in Shields
  9106 | D:8      | Reached skill level 5 in Unarmed Combat
  9106 | D:8      | Reached skill level 5 in Evocations
  9106 | D:8      | Reached XP level 10. HP: 76/76 MP: 16/18
  9194 | D:8      | Reached skill level 7 in Dodging
  9449 | D:9      | Reached **** piety under Elyvilon
  9559 | D:9      | Reached skill level 5 in Fire Magic
  9964 | D:9      | Reached skill level 5 in Shapeshifting
 10211 | D:9      | Found a runed translucent door.
 10213 | D:9      | Noticed Pascal76's ghost (novice MiFi)
 10213 | D:9      | Noticed a cyclops
 10801 | D:9      | Noticed a two-headed ogre
 10954 | D:9      | Killed a two-headed ogre
 11211 | D:10     | Entered Level 10 of the Dungeon
 11274 | D:10     | Reached ***** piety under Elyvilon
 11520 | D:10     | Noticed a kobold demonologist
 11527 | D:10     | Noticed a sun demon
 11724 | D:10     | Reached skill level 5 in Conjurations
 11724 | D:10     | Reached skill level 5 in Summonings
 11724 | D:10     | Reached skill level 5 in Necromancy
 11724 | D:10     | Reached skill level 5 in Translocations
 11724 | D:10     | Reached skill level 5 in Ice Magic
 11724 | D:10     | Reached skill level 5 in Air Magic
 11724 | D:10     | Reached skill level 5 in Earth Magic
 11724 | D:10     | Reached skill level 5 in Alchemy
 11724 | D:10     | Reached XP level 11. HP: 83/83 MP: 21/21
 11752 | D:10     | Learned a level 4 spell: Dimensional Bullseye
 11845 | D:10     | Found an ancient bone altar of Kikubaaqudgha.
 11846 | D:10     | Found a burning altar of Makhleb.
 11846 | D:10     | Found a hazy altar of Hepliaklqana.
 11974 | D:10     | Found a staircase to the Lair.
 12620 | D:11     | Noticed a brown ugly thing
 12624 | D:11     | Pacified a brown ugly thing
 12770 | D:11     | Noticed a brown ugly thing
 12770 | D:11     | You fall into a shaft and drop 3 floors!
 12881 | D:14     | Noticed a cyclops
 12915 | D:14     | Killed a cyclops
 12943 | D:14     | Noticed a tengu warrior
 12961 | D:14     | Reached skill level 8 in Dodging
 13049 | D:13     | Noticed a cyclops
 13062 | D:13     | Killed a cyclops
 13077 | D:12     | Noticed a two-headed ogre
 13128 | D:12     | Noticed a manticore
 13130 | D:12     | Pacified a manticore
 13133 | D:12     | Noticed Fannar
 13138 | D:12     | Noticed a two-headed ogre
 13158 | D:12     | Killed a two-headed ogre
 13240 | D:11     | Pacified a brown ugly thing
 13617 | D:11     | Noticed Erica
 13632 | D:11     | Killed Erica
 13922 | D:11     | Learned a level 4 spell: Airstrike
 13983 | Lair:1   | Entered Level 1 of the Lair of Beasts
 14636 | Lair:1   | Noticed a catoblepas
 14638 | Lair:1   | Pacified a catoblepas
 14639 | Lair:1   | Reached XP level 12. HP: 92/92 MP: 23/23
 15584 | Lair:2   | Reached ****** piety under Elyvilon
 16420 | Lair:3   | Reached skill level 9 in Dodging
 16738 | Lair:3   | Noticed Gastronok
 17800 | Lair:3   | Found a staircase to the Snake Pit.
 17964 | Lair:3   | Reached XP level 13. HP: 99/99 MP: 19/25
 18343 | Lair:3   | Learned a level 3 spell: Ozocubu's Armour
 18592 | Lair:3   | Found a staircase to the Shoals.
 19308 | Lair:4   | Noticed Snorg
 19531 | Lair:4   | Snorg changed into Snorg the cane toad
 19531 | Lair:4   | Noticed Snorg
 19552 | Lair:4   | Killed Snorg the cane toad
 20291 | Lair:5   | Entered Level 5 of the Lair of Beasts
 20392 | Lair:5   | Found a runed translucent door.
 20392 | Lair:5   | Found a viscous altar of Jiyva.
 20400 | Lair:5   | Found a staircase to the Slime Pits.
 20400 | Lair:5   | Noticed an acid blob
 20832 | Lair:5   | Reached skill level 10 in Ranged Weapons
 20832 | Lair:5   | Reached skill level 10 in Dodging
 21465 | Lair:5   | Reached XP level 14. HP: 108/108 MP: 22/27
 21467 | Lair:5   | Reached skill level 10 in Invocations
 23304 | Lair:5   | Noticed Rupert
 23830 | D:12     | Reached skill level 10 in Spellcasting
 24173 | D:12     | Found a staircase to the Orcish Mines.
 24198 | D:12     | Killed Fannar
 24199 | D:12     | Reached skill level 10 in Fighting
 26444 | D:13     | Learned a level 5 spell: Summon Forest
 26478 | D:13     | Reached skill level 10 in Hexes
 26484 | D:13     | Noticed Azrael
 26492 | D:13     | Killed Azrael
 26660 | D:13     | Reached skill level 11 in Dodging
 26665 | D:13     | Reached skill level 10 in Short Blades
 26665 | D:13     | Reached skill level 10 in Long Blades
 26665 | D:13     | Reached skill level 10 in Axes
 26665 | D:13     | Reached skill level 10 in Maces & Flails
 26665 | D:13     | Reached skill level 10 in Polearms
 26665 | D:13     | Reached skill level 10 in Staves
 26665 | D:13     | Reached skill level 10 in Throwing
 26665 | D:13     | Reached skill level 10 in Armour
 26665 | D:13     | Reached skill level 10 in Stealth
 26665 | D:13     | Reached skill level 10 in Shields
 26665 | D:13     | Reached skill level 10 in Unarmed Combat
 26665 | D:13     | Reached skill level 10 in Evocations
 27127 | D:13     | Reached XP level 15. HP: 49/117 MP: 26/29
 28201 | D:13     | Identified the +7 scimitar "Duekaum" {venom, rF+}
 28201 | D:13     | Identified the +4 ring mail of Supple Strength {Dex+3}
 28508 | D:13     | Found a basalt altar of Yredelemnul.
 28693 | D:13     | Found a gate to the Vaults.
 29164 | D:14     | Found a transporter.
 29174 | D:14     | Found a transporter.
 29178 | D:14     | Found an opulent altar of Gozag.
 29884 | D:14     | Found a transporter.
 30137 | D:14     | Found a transporter.
 30271 | D:15     | Entered Level 15 of the Dungeon
 30342 | D:15     | Found a staircase to the Depths.
 30342 | D:15     | Noticed a fire giant
 30591 | D:15     | Found a broken altar of Ashenzari.
 31678 | D:15     | Killed a fire giant
 32395 | Orc:1    | Entered Level 1 of the Orcish Mines
 33958 | Orc:2    | Entered Level 2 of the Orcish Mines
 34190 | Orc:2    | Noticed an orc warlord
 35294 | Orc:2    | Killed an orc warlord
 36522 | Orc:2    | Found a staircase to the Elven Halls.
 37301 | Orc:2    | Found a roughly hewn altar of Beogh.
 37419 | Orc:2    | Reached skill level 10 in Shapeshifting
 37800 | Orc:2    | Found Fioxaz's Assorted Antiques.
 37810 | Orc:2    | Found Itilou Ujeni's Antique Weapon Shoppe.
 37831 | Orc:2    | Reached XP level 16. HP: 119/125 MP: 19/31
 38460 | Orc:2    | Found a roughly hewn altar of Beogh.
 38886 | Orc:2    | Found Teclojunk's Antique Weapon Boutique.
 39068 | Orc:2    | Found Goniqaf's General Store.
 39084 | Orc:2    | Bought a scroll of fear for 64 gold pieces
 39086 | Orc:2    | Bought a scroll of identify for 32 gold pieces
 39348 | Orc:2    | Bought a faintly glowing scimitar for 180 gold pieces
 39348 | Orc:2    | Identified the +5 scimitar of Distant Worlds {venom, rF+
                  | rC++ Int+2} (You bought it in a shop on level 2 of the
                  | Orcish Mines)
 39351 | Orc:2    | Bought a glowing double sword for 360 gold pieces
 39423 | Orc:2    | Bought a brightly glowing scarf for 310 gold pieces
 39423 | Orc:2    | Identified the scarf "Lyaqeajua" {rC+ rF+, Str+2} (You
                  | bought it in a shop on level 2 of the Orcish Mines)
 39436 | Orc:2    | Learned a level 5 spell: Summon Mana Viper
 39443 | Orc:2    | Learned a level 6 spell: Summon Cactus Giant
 39654 | Lair:5   | Killed Rupert
 39809 | Lair:5   | Reached skill level 12 in Dodging
 41239 | Lair:3   | Killed Gastronok
 41332 | Snake:1  | Entered Level 1 of the Snake Pit
 41428 | Snake:1  | Learned a level 5 spell: Freezing Cloud
 42254 | Snake:1  | Found a basalt altar of Yredelemnul.
 42304 | Snake:1  | Reached skill level 10 in Fire Magic
 43640 | Snake:2  | Reached XP level 17. HP: 61/133 MP: 28/33
 44633 | Snake:2  | Reached skill level 10 in Conjurations
 44633 | Snake:2  | Reached skill level 10 in Summonings
 44633 | Snake:2  | Reached skill level 10 in Necromancy
 44633 | Snake:2  | Reached skill level 10 in Translocations
 44633 | Snake:2  | Reached skill level 10 in Ice Magic
 44633 | Snake:2  | Reached skill level 10 in Air Magic
 44633 | Snake:2  | Reached skill level 10 in Earth Magic
 44633 | Snake:2  | Reached skill level 10 in Alchemy
 44770 | Snake:2  | Noticed Louise
 44791 | Snake:2  | Killed Louise
 45074 | Snake:2  | Identified the serpent talisman of Qazlal's Favour {Int+3
                  | Dex+4}
 45074 | Snake:2  | Noticed Aizul
 45417 | Orc:2    | Bought a potion of enlightenment for 80 gold pieces
 45695 | Snake:2  | Killed Aizul
 47371 | Snake:3  | Found a runed translucent gate.
 47373 | Snake:3  | Found a runed translucent gate.
 47376 | Snake:3  | Found a runed translucent gate.
 47376 | Snake:3  | Noticed Vorhees's ghost (adept CoAr)
 47376 | Snake:3  | Noticed mojasp's ghost (adept CoBe)
 47824 | Snake:3  | Identified the +9 rapier of the Shining Light {drain,
                  | *Corrode +Blink rC+}
 48135 | Snake:4  | Entered Level 4 of the Snake Pit
 48612 | Snake:4  | Reached skill level 13 in Dodging
 48705 | Snake:4  | Found Xame's Weapon Boutique.
 48875 | Snake:4  | Found Enuly's Jewellery Shop.
 49177 | Snake:4  | Bought the ring "Zeqagh" {rPois Will+ EV+5} for 844 gold
                  | pieces
 49832 | Snake:4  | Found Notaysch's Armour Shoppe.
 49956 | Snake:4  | Found Mazev's Overcharged Wands.
 50612 | Snake:4  | Found Eroaxt's Armour Emporium.
 51203 | Snake:4  | Reached XP level 18. HP: 142/142 MP: 15/34
 53367 | Snake:4  | Got a serpentine rune of Zot
 53472 | Snake:4  | Found Xiarchai's Book Emporium.
 54011 | Shoals:1 | Entered Level 1 of the Shoals
 54429 | Shoals:1 | You fall into a shaft and drop 1 floor!
 54970 | Shoals:1 | Found Veolural's General Store.
 56558 | Shoals:2 | Learned a level 5 spell: Irradiate
 58365 | Shoals:4 | Entered Level 4 of the Shoals
 58641 | Shoals:4 | Reached XP level 19. HP: 150/150 MP: 20/36
 58936 | Shoals:4 | Identified the +2 cloak of Lugonu {rF+ Str+3 Slay+3}
 59043 | Shoals:4 | Reached skill level 14 in Dodging
 59765 | Shoals:4 | Identified the +10 executioner's axe "Ugrat" {heavy, rPois
                  | rCorr Str+6 Stlth-}
 60433 | Shoals:4 | Got the Discursus on the Iliaster
 60774 | Shoals:4 | Got a barnacled rune of Zot
 61114 | Shoals:1 | Bought a scroll of acquirement for 1040 gold pieces
 61114 | Shoals:1 | Acquired the +3 pair of gloves "Yrafeguu" {rN+ Str+5}
 61350 | Elf:1    | Entered Level 1 of the Elven Halls
 62146 | Elf:1    | Found Veteomoa's Armour Boutique.
 62412 | Elf:1    | Identified the +5 plate armour "Mutsiergh" {Dex+9}
 62556 | Elf:1    | Found a shimmering blue altar of Sif Muna.
 62564 | Elf:1    | Identified the +2 quarterstaff of a volcano {freeze, SInv}
 63737 | Elf:2    | Found a huge runed translucent gate.
 63737 | Elf:2    | Found a huge runed translucent gate.
 63738 | Elf:2    | Found a huge runed translucent gate.
 63738 | Elf:2    | Found a huge runed translucent gate.
 63739 | Elf:2    | Found a huge runed translucent gate.
 63791 | Elf:2    | Reached skill level 15 in Invocations
 64268 | Elf:3    | Entered Level 3 of the Elven Halls
 64401 | Elf:3    | Paralysed by an air elemental for 1 turns
 64584 | Elf:3    | Found Dihiesipt's Weapon Shoppe.
 64975 | Elf:3    | Reached XP level 20. HP: 115/159 MP: 21/38
 66558 | Elf:3    | Identified the +6 hand axe "Ywoem" {antimagic, Fly rN+++
                  | Dex-4 Stlth-}
 67678 | Elf:3    | Identified the staff of Death's Door {rPois rN+ Necro
                  | Alchemy}
 67679 | Elf:3    | Got the Catalogue of the Becharmed Xenolith
 67686 | Elf:3    | Found the +7 Spriggan's Knife {stab, EV+4 Stlth+}
 67694 | Elf:3    | Got Vehumet's Atlas of the Salvo
 67707 | Elf:3    | Got Ryzxau's Parchment of Diablerie and the Blaze
 68072 | Vaults:1 | Entered Level 1 of the Vaults
 68141 | Vaults:1 | Found a flickering gateway to a bazaar.
 68153 | Bazaar   | Entered a bazaar
 68154 | Bazaar   | Found Etenywu's Book Shoppe.
 68165 | Bazaar   | Found Equsysun's Antique Weapon Boutique.
 68176 | Bazaar   | Found Irghour's General Store.
 68184 | Bazaar   | Found Gauxkeit's Antique Armour Emporium.
 68195 | Bazaar   | Found Nupsein's Distillery.
 68273 | Bazaar   | Bought a crude helmet for 218 gold pieces
 68273 | Bazaar   | Identified the +0 helmet of Shadows and Fog {rCorr} (You
                  | bought it in a shop in a bazaar)
 68297 | Bazaar   | Bought a buzzing ring mail for 207 gold pieces
 68297 | Bazaar   | Identified the +1 ring mail of the Comet {rElec SInv} (You
                  | bought it in a shop in a bazaar)
 68327 | Bazaar   | Bought a scroll of enchant armour for 112 gold pieces
 68347 | Bazaar   | Bought a faintly glowing hand cannon for 255 gold pieces
 68347 | Bazaar   | Identified the +1 hand cannon of Okawaru's Vengeance
                  | {drain, rElec Int+2} (You bought it in a shop in a bazaar)
 69225 | Vaults:1 | Identified the +1 helmet of the Valley {^Drain Int+6 Dex+2}
 69813 | Vaults:1 | Reached skill level 15 in Ranged Weapons
 69813 | Vaults:1 | Reached skill level 15 in Dodging
 70547 | Vaults:2 | Noticed Jory
 71307 | Snake:4  | Bought a book of Fire for 480 gold pieces
 71314 | Snake:4  | Learned a level 6 spell: Plasma Beam
 71682 | Vaults:2 | Killed Jory
 72759 | Vaults:2 | Found a staircase to the Crypt.
 72759 | Vaults:2 | Found an ancient bone altar of Kikubaaqudgha.
 72760 | Vaults:2 | Found a basalt altar of Yredelemnul.
 73323 | Vaults:3 | Reached XP level 21. HP: 145/167 MP: 39/39
 73842 | Vaults:3 | Reached skill level 15 in Spellcasting
 74204 | Vaults:3 | Reached skill level 15 in Fighting
 74690 | Vaults:3 | Noticed Xtahua
 75586 | Vaults:3 | Killed Xtahua
 76984 | Vaults:4 | Noticed Margery
 77004 | Vaults:4 | Killed Margery
 77147 | Vaults:4 | Reached skill level 15 in Short Blades
 77147 | Vaults:4 | Reached skill level 15 in Long Blades
 77147 | Vaults:4 | Reached skill level 15 in Axes
 77147 | Vaults:4 | Reached skill level 15 in Maces & Flails
 77147 | Vaults:4 | Reached skill level 15 in Polearms
 77147 | Vaults:4 | Reached skill level 15 in Staves
 77147 | Vaults:4 | Reached skill level 15 in Throwing
 77147 | Vaults:4 | Reached skill level 15 in Armour
 77147 | Vaults:4 | Reached skill level 15 in Stealth
 77147 | Vaults:4 | Reached skill level 15 in Shields
 77147 | Vaults:4 | Reached skill level 15 in Unarmed Combat
 77147 | Vaults:4 | Reached skill level 15 in Evocations
 78955 | Depths:1 | Entered Level 1 of the Depths
 80260 | D:15     | Reached XP level 22. HP: 176/176 MP: 27/41
 80356 | Depths:1 | Identified the +1 leather armour of Inquiry {*Slow Will+
                  | Int+5}
 80630 | Depths:1 | Reached skill level 16 in Dodging
 81688 | Depths:1 | Found the +15 Maxwell's patent armour {-Cast -Tele rElec
                  | Will+ rCorr}
 81764 | Depths:1 | Found Hiecre's Neck Hole.
 81938 | Depths:1 | Found a gateway to Hell.
 82006 | Depths:1 | Identified the +4 chain mail "Qeliomm" {*Corrode MP+9 Int+4
                  | Stlth+}
 82284 | Depths:2 | Noticed Asterion
 82496 | Depths:2 | Killed Asterion
 82671 | Depths:2 | Paralysed by an air elemental for 1 turns
 82675 | Depths:2 | Paralysed by an air elemental for 1 turns
 83460 | Depths:2 | Paralysed by an air elemental for 1 turns
 85498 | Depths:2 | Identified the +5 flail "Dachulid" {holy, rC+ Int+2 Dex+3}
 85630 | Depths:2 | Found a one-way gate leading to the halls of Pandemonium.
 86772 | Depths:2 | Identified the +7 falchion of Hopene {freeze, rElec Will-
                  | Int+6}
 86776 | Depths:2 | Identified the +1 cloak of the Game of Kings {rC+ SInv}
 86961 | Depths:3 | Noticed Vv
 87641 | Depths:3 | Reached XP level 23. HP: 153/184 MP: 23/43
 87894 | Depths:3 | Killed Vv
 88107 | Depths:3 | Found a corrupted altar of Lugonu.
 88108 | Depths:3 | Found a one-way gate to the infinite horrors of the Abyss.
 88452 | Depths:3 | You fall into a shaft and drop 1 floor!
 88452 | Depths:4 | Entered Level 4 of the Depths
 88452 | Depths:4 | Found a one-way gateway to a ziggurat.
 89591 | Depths:3 | Noticed a golden dragon
 90763 | Depths:3 | Noticed a golden dragon
 90905 | Depths:3 | Noticed a golden dragon
 91030 | Depths:3 | Killed a golden dragon
 91387 | Depths:3 | Pacified a golden dragon
 91394 | Depths:3 | Reached skill level 15 in Shapeshifting
 91549 | Depths:3 | Noticed the Enchantress
 91549 | Depths:3 | Noticed a juggernaut
 91553 | Depths:3 | Killed a juggernaut
 91557 | Depths:3 | Killed the Enchantress
 91890 | Depths:3 | Noticed a caustic shrike
 91892 | Depths:3 | Pacified a caustic shrike
 92373 | Depths:4 | Reached skill level 17 in Dodging
 92805 | Depths:4 | Learned a level 6 spell: Starburst
 93085 | Depths:4 | Noticed a golden dragon
 93117 | Depths:4 | Killed a golden dragon
 93166 | Depths:4 | Reached skill level 15 in Hexes
 93316 | Depths:4 | Found a gate to the Realm of Zot.
 93389 | Depths:4 | Found a blossoming altar of Fedhas.
 93518 | Depths:4 | Found a shimmering blue altar of Sif Muna.
 93986 | Orc:2    | Bought a tin of tremorstones (2/2) for 1240 gold pieces
 94228 | Snake:4  | Bought a wand of digging (11) for 693 gold pieces
 94228 | Snake:4  | Bought a wand of iceblast (18) for 648 gold pieces
 94378 | Slime:1  | Entered Level 1 of the Pits of Slime
 94772 | Slime:3  | Reached XP level 24. HP: 190/193 MP: 43/43
 94794 | Slime:4  | Noticed Dissolution
 94867 | Slime:4  | Killed Dissolution
 95431 | Slime:5  | Entered Level 5 of the Pits of Slime
 95848 | Slime:5  | Noticed the Royal Jelly
 96631 | Slime:5  | Found a viscous altar of Jiyva.
 96676 | Slime:5  | Killed the Royal Jelly
 97331 | Slime:5  | Identified the +1 robe "Onataes" {-Cast Rampage rF+++
                  | Regen+}
 97338 | Slime:5  | Identified the staff of the Swamp {^Contam rPois rC++ rCorr
                  | Dex+3 Alchemy}
 97357 | Slime:5  | Got Safusih's Folio of Stones and Air
 97359 | Slime:5  | Got a slimy rune of Zot
 97411 | Slime:5  | Identified the +5 dire flail of Wounding {heavy, rC+ Str+2
                  | Dex+2 SInv}
 97859 | Slime:5  | Learned a level 7 spell: Ozocubu's Refrigeration
 99018 | Zot:1    | Entered Level 1 of the Realm of Zot
 99042 | Zot:1    | Reached skill level 18 in Dodging
103105 | Zot:2    | Reached XP level 25. HP: 202/202 MP: 33/44
104844 | Zot:3    | Reached skill level 15 in Fire Magic
105274 | Zot:3    | Reached skill level 19 in Dodging
106452 | Zot:4    | Reached skill level 15 in Conjurations
106452 | Zot:4    | Reached skill level 15 in Summonings
106452 | Zot:4    | Reached skill level 15 in Necromancy
106452 | Zot:4    | Reached skill level 15 in Translocations
106452 | Zot:4    | Reached skill level 15 in Ice Magic
106452 | Zot:4    | Reached skill level 15 in Air Magic
106452 | Zot:4    | Reached skill level 15 in Earth Magic
106452 | Zot:4    | Reached skill level 15 in Alchemy
106689 | Zot:4    | Found the +4 dragonskin cloak
106689 | Zot:4    | Noticed Tiamat
108066 | Zot:4    | Killed Tiamat
108422 | Zot:4    | Noticed an ancient lich
108491 | Zot:4    | Killed an ancient lich
109133 | Zot:4    | Upgraded the game from 0.32-a0-646-g91cf321817 to
                  | 0.32-a0-660-g97ce250973
109276 | Zot:4    | Learned a level 7 spell: Orb of Destruction
109284 | Zot:4    | Learned a level 6 spell: Bombard
109562 | Zot:5    | Entered Level 5 of the Realm of Zot
109773 | Zot:5    | Reached XP level 26. HP: 211/211 MP: 45/45
110105 | Zot:5    | Reached XP level 27. HP: 167/218 MP: 45/45
110255 | Zot:5    | Reached skill level 20 in Dodging
111111 | Zot:5    | Noticed an ancient lich
111124 | Zot:5    | Killed an ancient lich
111501 | Zot:5    | Noticed a dread lich
111508 | Zot:5    | Killed a dread lich
111984 | Zot:5    | Noticed a dread lich
111988 | Zot:5    | Killed a dread lich
112865 | Zot:5    | Noticed an orb of fire
113033 | Zot:5    | Killed an orb of fire
113619 | Zot:5    | Noticed a dread lich
113626 | Zot:5    | Killed a dread lich
113628 | Zot:5    | Noticed an ancient lich
113632 | Zot:5    | Killed an ancient lich
113634 | Zot:5    | Noticed an orb of fire
113638 | Zot:5    | Gained mutation: You are vulnerable to heat. (rF-) [an orb
                  | of fire]
113643 | Zot:5    | Killed an orb of fire
113649 | Zot:5    | Lost mutation: You are vulnerable to heat. (rF-) [potion of
                  | mutation]
113649 | Zot:5    | Gained mutation: You possess an exceptional clarity of
                  | mind. [potion of mutation]
113649 | Zot:5    | Gained mutation: You have hidden genetic defects. [potion
                  | of mutation]
113649 | Zot:5    | Gained mutation: You have a somewhat thin skeletal
                  | structure. (Dex +2, Stealth+) [potion of mutation]
113666 | Zot:5    | Noticed an ancient lich
113757 | Zot:5    | Noticed a dread lich
113761 | Zot:5    | Killed a dread lich
113867 | Zot:5    | Noticed a dread lich
113874 | Zot:5    | Killed a dread lich
114160 | Zot:5    | Reached skill level 21 in Dodging
114182 | Zot:5    | Killed an ancient lich
114749 | Zot:5    | Got the Orb of Zot
114924 | Depths:4 | Noticed a seraph
114930 | Depths:4 | Killed a seraph
115173 | D:8      | Gained mutation: You occasionally lose the ability to read
                  | scrolls when taking damage. [hidden defects]
115324 | D:1      | Noticed a seraph
115332 | D:$      | Escaped with the Orb!

Illustrated notes

Levels and vault maps discovered:
D:1:      dpeg_arrival_caged_fury, layout_rooms
D:2:      layout_loops_ring, serial_undead, serial_undead_b, serial_undead_f,
          serial_undead_c, serial_undead_d, basic_altar, grunt_decor_resistance,
          nrook_loot_triangle, minmay_hexomino_c4
D:3:      layout_loops_ring
D:4:      layout_loops_cross, serial_demonic, serial_demonic_e,
          serial_demonic_c, serial_demonic_c, serial_demonic_b
D:5:      layout_loops_cross, mainiacjoe_overflow_catwalk_spiral,
          cheibrodos_sewer_entry_sluice
D:6:      layout_rooms, minmay_temple_entry_mist, serial_rivers,
          chequers_serial_rivers_small_3, chequers_serial_rivers_small_a,
          chequers_serial_rivers_small_3, chequers_serial_rivers_large_a,
          uniq_sigmund
D:7:      layout_loops_ring, nicolae_uskayaw_murder_on_the_dancefloor,
          mainiacjoe_overflow_alcove_1, minmay_door_square
D:8:      layout_basic
D:9:      layout_irregular_city, ebering_ghost_inner_flame
D:10:     layout_irregular_city, chequers_temple_overflow_statue_of_worship,
          hellmonk_lair_entry_icy, kennysheep_nondescript
D:11:     layout_roguey, uniq_erica
D:12:     cheibrodos_frozen_isle, layout_basic, david_orc_2, uniq_fannar
D:13:     layout_loops_ring, hellmonk_vaults_attempted_burglary,
          gauntlet_entry_generic, serial_bayou_pond_b, roadster_trireme,
          uniq_azrael
D:14:     layout_cave_pools, nicolae_gozag_seed_capital,
          nicolae_transporter_intersection
D:15:     grunt_enter_depths_giant_problem, layout_cross,
          evilmike_ruin_ashenzari
Lair:1:   layout_small_grid, beast_lair_carwin_4
Lair:2:   layout_roguey, lemuel_fruit_fields
Lair:3:   nzn_winding_woodlands_medium [nzn_winding_woodlands_5x5_perimeter,
          nzn_winding_woodlands_5x15_longhouse,
          nzn_winding_woodlands_5x5_default, nzn_winding_woodlands_hourglass,
          nzn_winding_woodlands_center_diamonds,
          nzn_winding_woodlands_5x5_open_star,
          nzn_winding_woodlands_5x5_default,
          nzn_winding_woodlands_5x15_lazy_stream,
          nzn_winding_woodlands_5x5_three], layout_small_grid,
          minmay_shoals_entry_lonely_mermaid, nicolae_snake_entry_warm_welcome,
          eino_small_chamber_without_monster, cheibrodos_lair_reptile_den,
          uniq_gastronok
Lair:4:   layout_gridlike, uniq_snorg
Lair:5:   hangedman_lair_caniforms_friends, layout_long_grid,
          hangedman_lair_in_review, slime_entry_2, uniq_rupert
Shoals:1: layout_shoals, serial_shops, shop
Shoals:2: layout_shoals
Shoals:3: layout_shoals
Shoals:4: shoals_end_hangedman, layout_shoals, nicolae_shoals_former_cling_halls
Snake:1:  layout_basic, basic_altar, drop_trap
Snake:2:  layout_gridlike, grunt_megastairs_2, uniq_aizul, uniq_louise
Snake:3:  cheibrodos_snake_ritualist_ritual, layout_onion,
          gammafunk_ghost_cemetery
Snake:4:  snake_pit_salamanders_mu, layout_basic, serial_shops,
          nicolae_shop_bloodbath_and_beyond, nicolae_shop_gaudy_bauble,
          nicolae_shop_hallway_plus, nicolae_shop_rolling_square, shop,
          grunt_ministairs_11, drop_trap, nicolae_shop_overcharged_wands
Slime:1:  layout_caves
Slime:2:  layout_caves
Slime:3:  layout_caves
Slime:4:  layout_caves, uniq_dissolution
Slime:5:  slime_pit_nicolae_amoeboid
Orc:1:    layout_caves
Orc:2:    pubby_orc_utopia
Elf:1:    nicolae_elf_arrival_no_cutting_in_line, layout_loops_cross,
          serial_shops, nicolae_shop_mannequins, guppyfry_elf_altar,
          st_stairs_13, fake_guardian_serpent_vault
Elf:2:    elven_hall_of_blades_hangedman_alternative [nicolae_blade_tridents],
          layout_gridlike, minivault_27
Elf:3:    minmay_elf_hall_dome, layout_onion_city, serial_shops,
          nicolae_shop_real_fake_doors
Vaults:1: v_misc_1, nicolae_vaults_circle_grid_b, hangedman_vaults_cutoff,
          v_pattern_2, nicolae_vaults_double_plus_3, hangedman_vaults_stagger,
          v_rooms_4, nicolae_vaults_closet_pinwheel_1,
          grunt_vaults_hallway_long, v_misc_22, nicolae_vaults_rhombus_5,
          nicolae_vaults_shelves_hall, grunt_vaults_hallway_short,
          layout_vaults_omnicross, serial_shops, bzr_firewalk
Vaults:2: minmay_crypt_entry_necro_gods, v_rooms_3, vaults_room_grid,
          nicolae_vaults_trapezoid_2, nicolae_vaults_rhombus_5, v_misc_10,
          nicolae_vaults_doubleplus_tesselated, nicolae_vaults_two_Ls,
          layout_vaults_omnigrid, uniq_jory
Vaults:3: nicolae_vaults_six-pack, nicolae_vaults_network_s, v_misc_13,
          ontoclasm_vaults_fault, vaults_dpeg_encased_lava,
          nicolae_vaults_hallways_thing, nicolae_vaults_tetromino_Z_2,
          nicolae_vaults_twisting_passages, nicolae_vaults_prndl,
          nicolae_vaults_holding_cells, nicolae_vaults_what_the_h,
          vaults_room_door_ring, vaults_room_door_hall, v_pattern_1,
          nicolae_vaults_tetromino_T_1, vaults_dpeg_emergency_exit,
          nicolae_vaults_tetromino_Z_1, nicolae_vaults_house_3,
          layout_vaults_omnibox, uniq_xtahua
Vaults:4: v_misc_8, nicolae_vaults_trapezoid_3,
          nicolae_vaults_shrinking_rooms_2, nicolae_vaults_storage_closets_1,
          nicolae_vaults_asterisk, v_alt_pattern_1, vaults_room_stairs_pillars,
          nicolae_vaults_security_offices_1, nicolae_vaults_specimen_jars,
          ontoclasm_vaults_gateway, layout_vaults_chaotic_city, uniq_margery
Depths:1: minmay_the_grid_square_5x5_4x4_mashed
          [minmay_the_grid_square_5x5_checkered,
          minmay_the_grid_square_5x5_broken_cross,
          minmay_the_grid_square_5x5_detours, minmay_the_grid_square_5x5_comb,
          minmay_the_grid_square_5x5_three_small,
          minmay_the_grid_square_5x5_prize_gold,
          minmay_the_grid_square_5x5_prize_pseudospiral,
          minmay_the_grid_square_5x5_moneybag,
          minmay_the_grid_square_5x5_sharp_hourglass,
          minmay_the_grid_square_5x5_prize_rear_guard,
          minmay_the_grid_square_5x5_prize_deathbox,
          minmay_the_grid_square_5x5_plus,
          minmay_the_grid_square_5x5_half_checkered,
          minmay_the_grid_square_5x5_beaten_path,
          minmay_the_grid_square_5x5_six_small,
          minmay_the_grid_square_5x5_tetrominoes], layout_honeycomb,
          lightli_too_deep, nicolae_shop_sticking_my_neck_out
Depths:2: radiant_caverns_a_rkd, hell_entry, pan_entry, uniq_asterion
Depths:3: gammafunk_depths_water_palace, layout_twisted_cross,
          abyss_entry_flame_altar, serial_sigils,
          serial_sigils_hangedman_writhe, serial_sigils_hangedman_confine,
          serial_sigils_hangedman_shear, bh_walls_and_bars, pan_entry,
          pf_hell_entry_tar_spiral, chequers_serial_rivers_micro_b, uniq_vv
Depths:4: evilmike_zot_entry_gauntlet, layout_basic, enter_ziggurat_f,
          pan_entry, fedhas_altar_4, hangedman_geh_valley,
          minmay_room_of_horrors, tgw_sif
Zot:1:    layout_basic
Zot:2:    lemuel_acid_trip, layout_onion
Zot:3:    layout_gridlike
Zot:4:    layout_onion, regret_index_zotdec_barnacled_simple,
          lemuel_lich_library, uniq_tiamat
Zot:5:    layout_gridlike

Skill      XL: |  1  2  3  4  5  6  7  8  9 10 11 12 13 14 15 16 17 18 19 20 21 22 23 24 25 26 27 |
---------------+----------------------------------------------------------------------------------+-----
Fire Magic     | 2 3 4 5 6 7 8 9 10 11 12 13 14 15 16 | 16.1
Invocations    | 1 2 3 4 5 6 7 8 9 10 11 12 13 14 15 16 17 18 19 20 | 20.2
Short Blades   | 1 2 3 5 6 7 8 9 10 11 12 13 14 15 16 17 18 | 18.7
Long Blades    | 1 2 3 5 6 7 8 9 10 11 12 13 14 15 16 17 18 | 18.7
Axes           | 1 2 3 5 6 7 8 9 10 11 12 13 14 15 16 17 18 | 18.7
Maces & Flails | 1 2 3 5 6 7 8 9 10 11 12 13 14 15 16 17 18 | 18.7
Polearms       | 1 2 3 5 6 7 8 9 10 11 12 13 14 15 16 17 18 | 18.7
Staves         | 1 2 3 5 6 7 8 9 10 11 12 13 14 15 16 17 18 | 18.7
Throwing       | 1 2 3 5 6 7 8 9 10 11 12 13 14 15 16 17 18 | 18.7
Armour         | 1 2 3 5 6 7 8 9 10 11 12 13 14 15 16 17 18 | 18.7
Stealth        | 1 2 3 5 6 7 8 9 10 11 12 13 14 15 16 17 18 | 18.7
Shields        | 1 2 3 5 6 7 8 9 10 11 12 13 14 15 16 17 19 20 | 20.3
Unarmed Combat | 1 2 3 5 6 7 8 9 10 11 12 13 14 15 16 17 18 | 18.7
Evocations     | 1 2 3 5 6 7 8 9 10 11 12 13 14 15 16 17 18 | 18.7
Shapeshifting  | 1 2 3 4 5 6 7 8 9 10 11 12 13 14 15 16 17 | 17.3
Spellcasting   | 3 4 5 6 7 8 9 10 11 12 13 14 15 16 17 18 | 18.9
Conjurations   | 1 2 3 4 5 6 7 8 9 10 11 12 13 14 15 | 15.9
Summonings     | 1 2 3 4 5 6 7 8 9 10 11 12 13 14 15 | 15.9
Necromancy     | 1 2 3 4 5 6 7 8 9 10 11 12 13 14 15 | 15.9
Translocations | 1 2 3 4 5 6 7 8 9 10 11 12 13 14 15 | 15.9
Ice Magic      | 1 2 3 4 5 6 7 8 9 10 11 12 13 14 15 | 15.9
Air Magic      | 1 2 3 4 5 6 7 8 9 10 11 12 13 14 15 | 15.9
Earth Magic    | 1 2 3 4 5 6 7 8 9 10 11 12 13 14 15 | 15.9
Alchemy        | 1 2 3 4 5 6 7 8 9 10 11 12 13 14 15 | 15.9
Fighting       | 3 4 5 6 7 8 9 10 11 12 13 14 15 16 17 18 | 18.9
Ranged Weapons | 5 6 7 8 9 10 11 12 13 14 15 16 17 18 19 | 19.2
Dodging        | 5 6 7 8 9 10 11 12 13 14 15 16 17 18 19 21 | 21.1
Hexes          | 6 7 8 9 10 11 12 13 14 15 16 | 16.8

Action                     |  1- 3 |  4- 6 |  7- 9 | 10-12 | 13-15 | 16-18 | 19-21 | 22-24 | 25-27 || total
---------------------------+-------+-------+-------+-------+-------+-------+-------+-------+-------++-------
  Melee: Scimitar          |       |       |       |       |    45 |   792 |   333 |   104 |       ||  1274
         Bite              |       |       |       |       |     6 |   138 |   146 |   240 |   129 ||   659
         Double sword      |       |       |       |       |       |       |   530 |  1144 |   518 ||  2192
   Fire: Sling             |    69 |   212 |   343 |   625 |  1123 |       |       |       |       ||  2372
  Throw: Dart              |       |       |       |     2 |     2 |       |       |       |       ||     4
         Throwing net      |       |       |       |     1 |       |       |       |       |     1 ||     2
         Boomerang         |       |       |       |       |    15 |    11 |     2 |       |       ||    28
   Cast: Jinxbite          |     7 |    18 |    66 |    92 |    80 |     1 |       |       |       ||   264
         Inner Flame       |       |     2 |     3 |    15 |    53 |     4 |       |       |       ||    77
         Sigil of Binding  |       |     2 |    26 |    11 |     3 |       |       |       |       ||    42
         Cause Fear        |       |       |     5 |     9 |    24 |       |       |       |       ||    38
         Airstrike         |       |       |       |    39 |   460 |   273 |   138 |    78 |     1 ||   989
         Ozocubu's Armour  |       |       |       |       |     7 |       |       |       |       ||     7
         Summon Forest     |       |       |       |       |    12 |    53 |    41 |    13 |     4 ||   123
         Summon Cactus Gia |       |       |       |       |       |    73 |    52 |    19 |     1 ||   145
         Summon Mana Viper |       |       |       |       |       |    70 |    57 |    23 |     5 ||   155
         Freezing Cloud    |       |       |       |       |       |    47 |    26 |     5 |     2 ||    80
         Irradiate         |       |       |       |       |       |     2 |     2 |    12 |     2 ||    18
         Plasma Beam       |       |       |       |       |       |       |    85 |   338 |   181 ||   604
         Starburst         |       |       |       |       |       |       |       |    15 |       ||    15
         Ozocubu's Refrige |       |       |       |       |       |       |       |     8 |       ||     8
         Orb of Destructio |       |       |       |       |       |       |       |       |    74 ||    74
         Bombard           |       |       |       |       |       |       |       |       |    38 ||    38
 Invoke: Purification      |       |     3 |       |       |       |       |       |       |       ||     3
         Heal Self         |       |       |     2 |       |       |     1 |     6 |     1 |     1 ||    11
         Heal Other        |       |       |       |    10 |    11 |     6 |     7 |     6 |       ||    40
         Divine Vigour     |       |       |       |     1 |       |       |     2 |     3 |     5 ||    11
  Evoke: Wand              |       |       |     2 |     7 |     4 |     3 |    16 |    21 |    12 ||    65
         Phantom mirror    |       |       |       |       |       |       |     1 |     1 |     2 ||     4
         Sack of spiders   |       |       |       |       |       |       |     1 |       |       ||     1
    Use: Scroll            |     4 |     4 |     8 |     7 |     6 |    11 |    15 |     9 |    10 ||    74
         Potion            |       |     1 |       |     1 |     1 |     2 |       |     3 |     6 ||    14
   Stab: Distracted        |       |       |       |       |     1 |     7 |     9 |    18 |     4 ||    39
         Sleeping          |       |       |       |       |       |     2 |    19 |     4 |     1 ||    26
         Held in net/web   |       |       |       |       |       |       |     1 |       |       ||     1
         Paralysed         |       |       |       |       |       |       |       |     5 |       ||     5
 Armour: Robe              |    17 |    52 |     8 |       |   105 |   583 |   421 |   333 |       ||  1519
         Troll leather arm |       |       |   116 |   192 |   450 |       |       |       |       ||   758
         Acid dragon scale |       |       |       |       |       |       |       |   303 |   265 ||   568
  Dodge: Dodged            |    24 |    81 |   189 |   270 |  1151 |   830 |   627 |   950 |   274 ||  4396
  Block: Buckler           |       |       |     6 |       |       |   143 |   194 |       |       ||   343
         Kite shield       |       |       |       |       |       |       |   152 |   446 |       ||   598
         Tower shield      |       |       |       |       |       |       |       |   878 |   770 ||  1648

Table legend: (Time is in decaauts)
 A = Elapsed time spent in this place.
 B = Non-inter-level travel time spent in this place.
 C = Inter-level travel time spent in this place.
 D = Time resting spent in this place.
 E = Time spent auto-exploring this place.
 F = Levels seen in this place.
 G = Mean time per level.
                   A        B        C        D        E       F      G
               +--------+--------+--------+--------+--------+-----+--------+
         Total | 115558 | 102908 |  12650 |  49190 |  22416 |  53 | 2180.3 |
       Dungeon |  27650 |  23205 |   4445 |   9689 |   3207 |  15 | 1843.3 |
          Lair |  12402 |  10246 |   2156 |   3632 |   2673 |   5 | 2480.4 |
        Shoals |   7301 |   6800 |    501 |   3280 |   1788 |   4 | 1825.2 |
     Snake Pit |  12363 |  11168 |   1195 |   6370 |   2084 |   4 | 3090.8 |
    Slime Pits |   3536 |   3304 |    232 |   1467 |    667 |   5 |  707.2 |
  Orcish Mines |   6675 |   6016 |    659 |   3485 |   1133 |   2 | 3337.5 |
   Elven Halls |   6551 |   6286 |    265 |   2942 |   1529 |   3 | 2183.7 |
        Vaults |   9844 |   8686 |   1158 |   3692 |   3445 |   4 | 2461.0 |
        Depths |  13731 |  12312 |   1419 |   6572 |   2291 |   4 | 3432.8 |
           Zot |  15118 |  14502 |    616 |   8031 |   3554 |   5 | 3023.6 |
        Bazaar |    219 |    219 |      0 |      0 |     44 |   1 |  219.0 |
         Sewer |    163 |    163 |      0 |     28 |      0 |   1 |  163.0 |
               +--------+--------+--------+--------+--------+-----+--------+

Top non-repeatable levels by time:
 Snake:4: 5211 daAuts
   Orc:2: 5200 daAuts
Depths:2: 5117 daAuts
   Zot:5: 4996 daAuts
  Lair:5: 4423 daAuts
    D:12: 4417 daAuts
Depths:3: 4138 daAuts
   Elf:3: 3619 daAuts
    D:15: 3321 daAuts
  Lair:3: 3258 daAuts
Vaults:3: 3102 daAuts
 Snake:2: 3101 daAuts
   Zot:4: 2946 daAuts
Depths:4: 2846 daAuts
    D:13: 2722 daAuts
